 Dungeon Crawl Stone Soup version 0.29.1-1-gd02db6906a (webtiles) character file.

Game seed: 1120311785193119126

9351 MeatBomb the Cleaver (level 11, -23/95 HPs)
             Began as a Minotaur Berserker on Sept 24, 2022.
             Was a High Priest of Trog.
             Killed from afar by Erica (31 damage)
             ... with a lance of force
             ... on level 11 of the Dungeon on Sept 25, 2022.
             The game lasted 01:01:17 (10484 turns).

MeatBomb the Cleaver (Minotaur Berserker)          Turns: 10484, Time: 01:01:17

Health: -23/95     AC: 19    Str: 26    XL:     11   Next: 21%
Magic:  10/10      EV: 11    Int:  4    God:    Trog [*****.]
Gold:   643        SH:  0    Dex: 10    Spells: 10/10 levels left

rFire   . . .      SeeInvis .   a - +2 broad axe (flame)
rCold   . . .      Faith    .   A - +0 kite shield
rNeg    . . .      Spirit   .   X - +3 chain mail
rPois   +          Reflect  .   (helmet restricted)
rElec   +          Harm     .   o - +0 cloak
rCorr   .          Rampage  .   S - +1 pair of gloves of Weightlessness {+Inv rElec}
Will    .....                   M - +0 pair of boots
Stlth   ..........              (no amulet)
HPRegen 0.25/turn               I - +4 ring of evasion
MPRegen 0.12/turn               u - ring of poison resistance

@: confused, on berserk cooldown, slowed, very slow
A: horns 2, retaliatory headbutt
a: Renounce Religion, Evoke Invisibility, Berserk, Trog's Hand, Brothers in Arms


You were on level 11 of the Dungeon.
You worshipped Trog.
Trog was extremely pleased with you.
You visited 2 branches of the dungeon, and saw 12 of its levels.
You also visited: Ossuary.

You collected 643 gold pieces.

Inventory:

Hand Weapons
 a - a +2 broad axe of flaming (weapon)
 b - a +0 flail of draining
 W - a +2 vorpal dire flail
 Y - a +0 war axe
Missiles
 c - a curare-tipped dart
 i - 9 javelins
 l - 5 stones
 v - 6 atropa-tipped darts
 K - 19 poisoned darts
 U - a boomerang (quivered)
Armour
 o - a +0 cloak (worn)
 A - a +0 kite shield (worn)
 M - a +0 pair of boots (worn)
 O - a +0 plate armour
 P - a +0 chain mail of cold resistance
 S - the +1 pair of gloves of Weightlessness (worn) {+Inv rElec}
   (You found it on level 7 of the Dungeon)

   rElec:     It insulates you from electricity.
   +Inv:      It lets you turn invisible.
 X - a +3 chain mail (worn)
Jewellery
 u - a ring of poison resistance (right hand)
 B - a ring of protection from fire
 I - a +4 ring of evasion (left hand)
 R - an amulet of guardian spirit
Wands
 z - a wand of flame (13)
 F - a wand of roots (15)
 N - a wand of charming (16)
 T - a wand of polymorph (7)
Scrolls
 d - 3 scrolls of magic mapping
 f - 2 scrolls of butterflies
 g - 5 scrolls of teleportation
 n - 2 scrolls of blinking
 p - 2 scrolls of enchant weapon {unknown}
 r - 3 scrolls of identify
 s - 2 scrolls of fear
 x - a scroll of vulnerability {unknown}
 y - a scroll of summoning {unknown}
 C - a scroll of brand weapon {unknown}
 D - 7 scrolls of immolation
 H - 2 scrolls of enchant armour {unknown}
 L - a scroll of noise {unknown}
 V - 2 scrolls of poison {unknown}
 Z - a scroll of silence {unknown}
Potions
 e - 13 potions of curing
 h - 5 potions of haste
 j - 5 potions of might
 k - a potion of cancellation {unknown}
 m - 3 potions of attraction
 q - a potion of resistance {unknown}
 t - 4 potions of mutation
 w - 3 potions of flight
 E - a potion of lignification {unknown}
 G - 5 potions of heal wounds
 J - a potion of berserk rage {unknown}
 Q - a potion of invisibility {unknown}


   Skills:
 + Level 8.9 Fighting
 * Level 14.3 Axes
 - Level 5.6 Throwing
 + Level 8.6 Armour
 - Level 2.1 Dodging
 * Level 5.7 Shields
 - Level 4.0 Evocations


You had 10 spell levels left.
You didn't know any spells.
Your spell library was empty.

Dungeon Overview and Level Annotations

Branches:
Dungeon (11/15)            Temple (1/1) D:4            Lair (0/5) D:11
Ossuary (visited)
    Orc: D:9-12

Altars:
Ashenzari
Cheibriados
Dithmenos
Elyvilon
Fedhas
Gozag
Hepliaklqana
Kikubaaqudgha
Makhleb
Nemelex Xobeh
Okawaru
Qazlal
Ru
Sif Muna
Trog
Uskayaw
Vehumet
Wu Jian
Xom
Yredelemnul
Zin
The Shining One

Shops:
D:3 =:(*

Annotations:
D:11 Erica


Innate Abilities, Weirdness & Mutations

You have a pair of horns on your head.
You reflexively headbutt those who attack you in melee.


Message History

You barely miss something. Your headbutt misses something. You hit something.
You burn something. Your headbutt misses something.
You are no longer berserk.
You are exhausted.
You feel yourself slow down. Something hits you! Something burns you.
You slash something! You burn something. You headbutt something.
You hear some strange, mumbled words.
You are confused.
You're too confused to attack without stumbling around!
You're too confused to attack without stumbling around!
You're too confused to attack without stumbling around!
You're too confused to attack without stumbling around!
Something hits you!
* * * LOW HITPOINT WARNING * * *
Something burns you.
* * * LOW HITPOINT WARNING * * *
You hear some strange, mumbled words.
You feel as though you will be slow longer.
The electric eel shoots out a bolt of lightning at you!
The bolt of electricity hits you. You resist.
* * * LOW HITPOINT WARNING * * *
You hear some strange, mumbled words.
A bolt of poison appears from out of thin air!
The bolt of poison misses you.
The electric eel shoots out a bolt of lightning at you!
The bolt of electricity hits you. You resist.
* * * LOW HITPOINT WARNING * * *
The bolt of electricity hits something.
Erica appears from thin air!
Reactivating autopickup.
Erica hits you with a +1 scimitar of flaming!
* * * LOW HITPOINT WARNING * * *
Erica burns you.
* * * LOW HITPOINT WARNING * * *
The electric eel shoots out a bolt of lightning at you!
The bolt of electricity hits you. You resist.
* * * LOW HITPOINT WARNING * * *
Erica points at you and mumbles some strange words.
The lance of force hits you!!
You die...

...~~.~≈~~....~
~~≈≈~..
......≈≈~~..>...
...H...
.....~~.≈≈~.....
~~S~...
......~~≈..~...
≈≈..T.=
####..~≈~≈≈≈~..~≈
≈~~~~..
.........~~≈≈≈~~S~
~~~~...
.........~..~~~.~~
~~.....
.......~~~..~..~..
..≈....
.........@@.......
.......
.........††.......
.......
........)†.###....
.......
.........†.# ...
...........# ..
#+###...#### . #
###...# #.#≈~...#
###.~≈~...#


You could see Erica and an electric eel.

Vanquished Creatures
  2 two-headed ogres
  A wizard (D:10)
  A manticore (D:11)
  A hornet (D:8)
  Sigmund (D:4)
  A shadow (D:10)
  A wyvern (D:9)
  A yak (D:9)
  13 vampire mosquitoes
  3 steam dragons
  An acid dragon (D:10)
  2 orc warriors (D:9)
  An ice beast (D:5)
  A sky beast (D:7)
  4 wolves (D:11)
  An ogre (D:7)
  4 centaurs
  2 kobold brigands
  An elf zombie (Ossuary)
  2 necrophages
  A bullfrog (D:7)
  2 scorpions
  2 gnoll sergeants
  10 wights
  17 killer bees
  5 howler monkeys
  An electric eel (D:11)
  A crimson imp (D:10)
  2 centaur zombies (Ossuary)
  6 hounds
  5 orc priests
  4 human zombies (Ossuary)
  3 iguanas
  7 orc wizards
  2 mummies (Ossuary)
  16 gnolls
  7 adders
  An ufetubus (D:6)
  4 worms
  4 dart slugs
  23 orcs
  6 ball pythons
  5 endoplasms
  3 giant cockroaches
  5 goblins
  8 hobgoblins
  4 quokkas (D:1)
  3 bats
  3 frilled lizards
  A goblin zombie (Ossuary)
  8 hobgoblin zombies (Ossuary)
  2 jackal zombies (Ossuary)
  15 kobolds
  9 kobold zombies (Ossuary)
  8 orc zombies (Ossuary)
  6 rats
  2 rat zombies (Ossuary)
255 creatures vanquished.

Vanquished Creatures (others)
  An orc warrior (D:9)
  33 plants
34 creatures vanquished.

Grand Total: 289 creatures vanquished

Notes
Turn   | Place    | Note
-------+----------+-------------------------------------------
     0 | D:1      | MeatBomb the Minotaur Berserker began the quest for the
                  | Orb.
     0 | D:1      | Reached XP level 1. HP: 19/19 MP: 0/0
    67 | D:1      | Reached skill level 4 in Axes
   208 | D:1      | Reached XP level 2. HP: 26/26 MP: 1/1
   602 | D:1      | Reached ** piety under Trog
   603 | D:1      | Reached skill level 5 in Axes
   831 | D:2      | Reached XP level 3. HP: 31/31 MP: 2/2
  1380 | D:2      | Found a faded altar of an unknown god.
  1407 | D:2      | Found a burning altar of Makhleb.
  1764 | D:3      | Reached skill level 6 in Axes
  1764 | D:3      | Reached XP level 4. HP: 36/39 MP: 3/3
  1953 | D:3      | Found Hopiepauh's Book Emporium.
  1961 | D:3      | Found Paacvymo's Weapon Boutique.
  2068 | D:3      | Found Fizunwu's Jewellery Boutique.
  2271 | D:3      | Found Taghuluv's Assorted Antiques.
  2672 | D:4      | Noticed Sigmund
  2672 | D:4      | Noticed a necrophage
  2695 | D:4      | Killed a necrophage
  2696 | D:4      | Reached skill level 7 in Axes
  2696 | D:4      | Reached XP level 5. HP: 45/45 MP: 4/4
  2750 | D:4      | Killed Sigmund
  2751 | D:4      | Reached skill level 8 in Axes
  2751 | D:4      | Reached XP level 6. HP: 51/51 MP: 5/5
  3080 | D:4      | Found a staircase to the Ecumenical Temple.
  3095 | Temple   | Entered the Ecumenical Temple
  3667 | D:5      | Entered Level 5 of the Dungeon
  3717 | D:5      | Reached skill level 9 in Axes
  3729 | D:5      | Found a sand-covered staircase.
  3734 | Ossuary  | Entered an ossuary
  3789 | Ossuary  | Reached *** piety under Trog
  3889 | Ossuary  | Reached XP level 7. HP: 24/57 MP: 6/6
  4106 | Ossuary  | Reached skill level 10 in Axes
  4395 | D:5      | Found an opulent altar of Gozag.
  4522 | D:5      | Reached skill level 11 in Axes
  4876 | D:6      | Reached XP level 8. HP: 65/66 MP: 7/7
  4938 | D:6      | Reached **** piety under Trog
  5006 | D:6      | Found a sacrificial altar of Ru.
  5024 | D:6      | Reached skill level 1 in Throwing
  5262 | D:6      | Found an ancient bone altar of Kikubaaqudgha.
  5262 | D:6      | Found a faded altar of an unknown god.
  5270 | D:6      | Found a faded altar of an unknown god.
  5272 | D:6      | Found a blossoming altar of Fedhas.
  5274 | D:6      | Found a shimmering blue altar of Sif Muna.
  6203 | D:7      | Reached skill level 5 in Fighting
  6206 | D:7      | Reached skill level 12 in Axes
  6588 | D:7      | Identified the +1 pair of gloves of Weightlessness {+Inv
                  | rElec}
  6665 | D:7      | Reached XP level 9. HP: 44/75 MP: 8/8
  6672 | D:7      | Reached skill level 5 in Armour
  6683 | D:7      | Reached skill level 1 in Evocations
  7053 | D:7      | Found a glowing golden altar of the Shining One.
  7053 | D:7      | Found a glowing silver altar of Zin.
  7053 | D:7      | Found a white marble altar of Elyvilon.
  7304 | D:8      | Found an iron altar of Okawaru.
  7307 | D:8      | Noticed a two-headed ogre
  7312 | D:8      | Killed a two-headed ogre
  7973 | D:9      | Reached skill level 5 in Throwing
  8062 | D:9      | Reached XP level 10. HP: 53/86 MP: 9/9
  8070 | D:9      | Reached skill level 13 in Axes
  8285 | D:9      | Identified the +1 robe of Awe {rElec Str+3 Dex-2}
  8391 | D:9      | Reached ***** piety under Trog
  9002 | D:9      | Found a stormy altar of Qazlal.
  9142 | D:9      | Reached skill level 1 in Shields
  9183 | D:9      | Received a gift from Trog
  9193 | D:9      | Found a hazy altar of Hepliaklqana.
  9482 | D:10     | Entered Level 10 of the Dungeon
  9600 | D:10     | Found a hide-covered altar of Uskayaw.
  9756 | D:10     | Found a shimmering altar of Xom.
  9804 | D:10     | Noticed a wizard
  9814 | D:10     | Killed a wizard
 10286 | D:11     | Reached skill level 14 in Axes
 10291 | D:11     | Reached XP level 11. HP: 85/95 MP: 10/10
 10454 | D:11     | Noticed Erica
 10456 | D:11     | Noticed a two-headed ogre
 10465 | D:11     | Reached skill level 5 in Shields
 10471 | D:11     | Killed a two-headed ogre
 10473 | D:11     | Found a staircase to the Lair.
 10484 | D:11     | Killed from afar by Erica

Illustrated notes

Levels and vault maps discovered:
D:1:      roderic_crop_circles_arrival_small, layout_loops_ring
D:2:      layout_basic, shapermc_ecumenical_altar_pompeii, basic_altar
D:3:      layout_basic, serial_shops, shop_statue, nicolae_shop_behind_doors,
          shop, shop_coins, dk_noncrumbling_4, minmay_misc_feat_encased,
          skrybe_limestone_x, item_on_display_a
D:4:      layout_loops_ring, minmay_temple_entry_statues_pillars,
          kennysheep_generic_room_16, uniq_sigmund
D:5:      layout_cave_pools, grunt_gozag_statues, enter_ossuary_2,
          serial_bayou_pond_e
D:6:      nicolae_cairo_tiling, layout_basic,
          chequers_temple_overflow_minitemple,
          mainiacjoe_overflow_surrounded_room
D:7:      layout_loops_ring, good_gods_mini_temple, hex_tiny,
          minmay_crystal_room, minmay_stone_trees_small, minmay_holes,
          dreamdust_princess_bridge, eino_jars
D:8:      layout_basic, mainiacjoe_overflow_concentric_impassable
D:9:      layout_loops_cross, nicolae_hepliaklqana_hazy_memory,
          nicolae_overflow_crystal_walls, special_room [special_room_orc],
          kennysheep_opposing_triangles
D:10:     layout_roguey, old_standard_altar, eat_drink_and_be_merry_uskayaw,
          hangedman_decor_push, lightli_wizard_tower
D:11:     layout_basic, erik_lair_island, orc_0_dummy, uniq_erica
Temple:   chequers_temple_sunken

Skill      XL: |  1  2  3  4  5  6  7  8  9 10 11 |
---------------+----------------------------------+-----
Axes           | 4 5 6 7 8 9 11 12 14 | 14.3
Fighting       | 5 7 8 |  8.9
Throwing       | 3 5 |  5.6
Armour         | 4 6 8 |  8.6
Evocations     | 3 4 |  4.0
Shields        | 4 5 |  5.7
Dodging        | |  2.1

Action                   |  1- 3 |  4- 6 |  7- 9 | 10-12 || total
-------------------------+-------+-------+-------+-------++-------
Melee: Hand axe          |    83 |    62 |       |       ||   145
       Headbutt          |    14 |    23 |    39 |    33 ||   109
       Punch             |       |     1 |     2 |     1 ||     4
       War axe           |       |    55 |   224 |    99 ||   378
       Broad axe         |       |       |       |    91 ||    91
Throw: Stone             |       |     9 |     3 |    36 ||    48
       Boomerang         |       |       |       |    12 ||    12
Invok: Berserk           |       |     2 |     1 |     1 ||     4
       Trog's Hand       |       |       |       |     2 ||     2
Evoke: Wand              |       |     1 |       |       ||     1
  Use: Scroll            |     1 |     1 |    14 |     1 ||    17
Armor: Animal skin       |     2 |       |       |       ||     2
       Chain mail        |    35 |    46 |    96 |   113 ||   290
       Plate armour      |       |       |     7 |       ||     7
Dodge: Dodged            |    36 |    36 |   135 |    98 ||   305
Block: Kite shield       |       |       |       |    52 ||    52
